 Dungeon Crawl Stone Soup version 0.31-a0-358-gac0dbeb3ab (webtiles) character file.

Game seed: 11302496783042577256

1986 MacCMillion the Grappler (level 9, -5/85 HPs)
             Began as a Troll Shapeshifter on July 25, 2023.
             Was an Initiate of Okawaru.
             Slain by a white ugly thing (11 damage)
             ... on level 7 of the Dungeon.
             The game lasted 00:08:04 (4804 turns).

MacCMillion the Grappler (Troll Shapeshifter)       Turns: 4804, Time: 00:08:05

Health: -5/85      AC:  4    Str: 29    XL:     9   Next: 1%
Magic:  8/8        EV:  9    Int:  4    God:    Okawaru [......]
Gold:   513        SH:  0    Dex: 10    Spells: 8/8 levels left

rFire   . .          .
                       - Unarmed
rCold   . . .        (no shield)
rNeg    . . .        a - +0 animal skin
rPois   .            (helmet currently unavailable)
rElec   .            (cloak currently unavailable)
rCorr   .            (gloves unavailable)
SInv    .            (boots unavailable)
Will    .....        (no amulet)
Stlth   +            (no ring)
HPRegen 1.14/turn    (no ring)
MPRegen 0.11/turn

%: no passive effects
@: beast-form
A: beast (slay +3), large, unfitting armour, claws 3, regeneration 1, shaggy fur
1, tough skin 1
a: Begin Untransformation, Renounce Religion


You were on level 7 of the Dungeon.
You worshipped Okawaru.
Okawaru was noncommittal.
You were a hulking beast.
You visited 1 branch of the dungeon, and saw 7 of its levels.
You also visited: Ossuary.

You collected 513 gold pieces.

Inventory:

Armour
 a - a +0 animal skin (worn)
Jewellery
 s - a ring of flight
 v - a ring of wizardry
Talismans
 c - a beast talisman
Wands
 k - a wand of iceblast (9)
Scrolls
 d - 2 scrolls of enchant weapon {unknown}
 e - 3 scrolls of immolation {unknown}
 f - 2 scrolls of vulnerability {unknown}
 h - 6 scrolls of teleportation {unknown}
 j - 10 scrolls of identify {unknown}
 m - a scroll of fog {unknown}
 n - 2 scrolls of enchant armour {unknown}
 o - a scroll of poison {unknown}
 r - a scroll of acquirement {unknown}
 t - a scroll of revelation {unknown}
 u - a scroll of fear {unknown}
Potions
 b - a potion of lignification
 g - 3 potions of cancellation {unknown}
 i - 5 potions of curing {unknown}
 l - 4 potions of heal wounds {unknown}
 p - 2 potions of invisibility {unknown}
 q - 2 potions of berserk rage {unknown}
 w - a potion of haste {unknown}
 x - a potion of ambrosia {unknown}
 z - 3 potions of attraction {unknown}
 A - a potion of resistance {unknown}
 B - a potion of enlightenment {unknown}


   Skills:
 + Level 4.4 Fighting
 - Level 1.5 Dodging
 + Level 9.6 Unarmed Combat
 + Level 5.3 Shapeshifting


You had 8 spell levels left.
You didn't know any spells.
Your spell library contained the following spells:

 Spells                   Type           Power      Damage    Failure   Level
 Shock                    Conj/Air       0%         1d3       50%         1
 Portal Projectile        Hex/Tloc       0%         N/A       86%         3
 Swiftness                Air            0%         N/A       86%         3
 Airstrike                Air            0%         2d(0-16)  99%         4
 Iskenderun's Mystic Bla  Conj/Tloc      0%         2d3       99%         4
 Tukima's Dance           Hex            Unusable   N/A       N/A         3

Dungeon Overview and Level Annotations

Branches:
Dungeon (7/15)            Ossuary (visited)
 Temple: D:4-7

Altars:
Ashenzari
Cheibriados
Fedhas
Okawaru
Vehumet
The Shining One

Shops:
D:6 *


Innate Abilities, Weirdness & Mutations

You are a hulking beast.
Your limbs bulge with bestial killing power. (Slay +3)
You are too large for most types of armour.
You have claws for hands.
Your natural rate of healing is unusually fast.
You are covered in fur. (AC +1)
You have tough skin. (AC +1)


Message History

You see here a sedimented puce potion.
A wight is nearby!
A wight is nearby!
The wight hits you with a +0 spear!
You mangle the wight!!
You destroy the wight!
Okawaru accepts your kill.
You have reached level 9!
Your experience leads to an increase in your attributes!
Increase (S)trength, (I)ntelligence, or (D)exterity?
You feel stronger. x3
z - 3 sedimented puce potions (gained 1)
Things that are here:
a +0 spear; a +0 robe
There is an open door here.
Done exploring.
Done exploring.
Done exploring.
Done exploring.
(D) Dungeon
Where to? (Enter - D:6, ? - help)
There is an open door here.
There is an open door here.
There is a stone staircase leading down here.
You climb downwards.
There is a stone staircase leading up here.
A white ugly thing comes into view.
A white ugly thing is nearby!
The white ugly thing gurgles horribly!
The white ugly thing bites you! The white ugly thing freezes you!!
You are too injured to fight recklessly!
You are too injured to fight recklessly!
You mangle the white ugly thing!! You claw the white ugly thing.
The white ugly thing is heavily wounded.
The white ugly thing bites you. The white ugly thing freezes you!!
* * * LOW HITPOINT WARNING * * *
You scratch the white ugly thing.
The white ugly thing is heavily wounded.
The white ugly thing bites you!
You die...

.. #.. #.#
#.# # #.#
#.#.#
##.#.######.#
#.....hu....#
#..#.########
# #.# #.# #.#
#.# #.# #<#
###


You could see a white ugly thing.

Vanquished Creatures
  The ghost of Olga the Magician, an amateur DEVM (D:4)
  3 black bears
  A sky beast (D:6)
  An ice beast (D:6)
  2 phantoms (D:5)
  A bullfrog (D:6)
  A gnoll sergeant (D:6)
  4 scorpions
  4 wights (D:6)
  A hound (D:5)
  A jelly (D:4)
  2 orc priests
  3 iguanas
  6 orc wizards
  8 mummies (Ossuary)
  5 gnolls
  3 adders
  A worm (D:3)
  2 dart slugs (D:4)
  16 orcs
  9 bats
  15 endoplasms
  3 giant cockroaches
  10 goblins
  7 hobgoblins
  7 kobolds
  2 quokkas
  10 ball pythons
  4 frilled lizards
  3 gnoll zombies (Ossuary)
  2 hobgoblin zombies (Ossuary)
  3 kobold zombies (Ossuary)
  5 rats
146 creatures vanquished.

Notes
Turn   | Place    | Note
-------+----------+-------------------------------------------
     0 | D:1      | MacCMillion the Troll Shapeshifter began the quest for the
                  | Orb.
     0 | D:1      | Reached XP level 1. HP: 18/18 MP: 0/0
   106 | D:1      | Reached XP level 2. HP: 26/26 MP: 1/1
   197 | D:1      | Reached skill level 4 in Unarmed Combat
   307 | D:1      | Reached XP level 3. HP: 32/32 MP: 2/2
   512 | D:1      | Found a faded altar of an unknown god.
  1291 | D:2      | Reached XP level 4. HP: 40/40 MP: 3/3
  1371 | D:2      | Reached skill level 5 in Unarmed Combat
  1594 | D:3      | You fall into a shaft and drop 1 floor!
  1768 | D:4      | Found a blossoming altar of Fedhas.
  1768 | D:4      | Found a broken altar of Ashenzari.
  1775 | D:4      | Reached XP level 5. HP: 46/46 MP: 4/4
  1967 | D:3      | Found a snail-covered altar of Cheibriados.
  2196 | D:3      | Reached skill level 6 in Unarmed Combat
  2704 | D:4      | HP: 2/46 [poisoned by a scorpion]
  2709 | D:4      | HP: 1/46 [poisoned by a scorpion]
  2759 | D:4      | Found a runed translucent door.
  2792 | D:4      | Reached XP level 6. HP: 38/54 MP: 5/5
  2967 | D:4      | Noticed Olga's ghost (amateur DEVM)
  2974 | D:4      | Killed Olga's ghost
  2975 | D:4      | Reached skill level 7 in Unarmed Combat
  3004 | D:5      | Entered Level 5 of the Dungeon
  3103 | D:5      | Reached skill level 8 in Unarmed Combat
  3134 | D:5      | Reached skill level 1 in Fighting
  3134 | D:5      | Reached XP level 7. HP: 56/62 MP: 6/6
  3186 | D:5      | Found a sand-covered staircase.
  3192 | Ossuary  | Entered an ossuary
  3752 | D:5      | Reached XP level 8. HP: 66/74 MP: 7/7
  3894 | D:6      | Found a glowing golden altar of the Shining One.
  4163 | D:6      | Reached skill level 9 in Unarmed Combat
  4264 | D:6      | Found Keire's Gadget Gallery.
  4395 | D:6      | Found a radiant altar of Vehumet.
  4413 | D:6      | Reached skill level 5 in Shapeshifting
  4451 | D:6      | Found an iron altar of Okawaru.
  4491 | D:6      | Became a worshipper of Warmaster Okawaru
  4710 | D:6      | Reached XP level 9. HP: 78/85 MP: 8/8
  4800 | D:7      | Noticed a white ugly thing
  4804 | D:7      | Slain by a white ugly thing

Illustrated notes

Levels and vault maps discovered:
D:1:      elethiomel_arrival_diamonds, layout_loops_ring,
          ebering_ecumenical_altar_hall
D:2:      layout_basic, minmay_misc_feat_room
D:3:      layout_rooms, amcnicky_altar_gilded
D:4:      layout_gridville, nicolae_overflow_two_pavilions,
          gup_sewer_entry_glass, ebering_ghost_reflecting_pool,
          minmay_diced_spiral
D:5:      layout_basic, nicolae_ossuary_entry_plus
D:6:      layout_basic, nicolae_vehumet_altar_sigil, okawaru_metal_pillars_3,
          mainiacjoe_overflow_alcove_4, nicolae_shop_gadgets
D:7:      layout_basic, minmay_temple_entry_stoned_glass, serial_demonic,
          serial_demonic_f, serial_demonic_g, serial_demonic_b,
          serial_demonic_d, serial_demonic_b, serial_demonic_g

Skill      XL: |  1  2  3  4  5  6  7  8 |
---------------+-------------------------+-----
Unarmed Combat | 4 5 6 8 9 |  9.6
Fighting       | 1 2 4 |  4.4
Shapeshifting  | 4 5 |  5.3
Dodging        | |  1.5

Action                     |  1- 3 |  4- 6 |  7- 9 || total
---------------------------+-------+-------+-------++-------
  Melee: Unarmed           |    98 |   110 |   134 ||   342
         Punch             |     3 |     1 |     6 ||    10
   Stab: Sleeping          |     1 |       |       ||     1
         Distracted        |       |       |     1 ||     1
 Armour: Animal skin       |    39 |    31 |    28 ||    98
  Dodge: Dodged            |    33 |    25 |    56 ||   114

Table legend: (Time is in decaauts)
 A = Elapsed time spent in this place.
 B = Non-inter-level travel time spent in this place.
 C = Inter-level travel time spent in this place.
 D = Time resting spent in this place.
 E = Time spent auto-exploring this place.
 F = Levels seen in this place.
 G = Mean time per level.
                   A        B        C        D        E       F      G
               +--------+--------+--------+--------+--------+-----+--------+
         Total |   4762 |   4608 |    154 |    382 |   3118 |   8 |  595.2 |
       Dungeon |   4358 |   4204 |    154 |    232 |   2972 |   7 |  622.6 |
       Ossuary |    403 |    403 |      0 |    150 |    146 |   1 |  403.0 |
               +--------+--------+--------+--------+--------+-----+--------+

Top non-repeatable levels by time:
     D:2: 982 daAuts
     D:6: 810 daAuts
     D:4: 810 daAuts
     D:1: 702 daAuts
     D:5: 551 daAuts
     D:3: 491 daAuts
 Ossuary: 403 daAuts
     D:7: 9 daAuts
